Map: Tropic Shores

Players

PapaSmurf

  • Race: Protoss Protoss
  • Spawn Location: 0:00

ZERO

  • Race: Zerg Zerg
  • Spawn Location: 12:00

Senji

  • Race: Terran Terran
  • Spawn Location: 11:00

Metasapien

  • Race: Zerg Zerg
  • Spawn Location: 12:00

ChiMaster

  • Race: Protoss Protoss
  • Spawn Location: 6:00

Wiss

  • Race: Protoss Protoss
  • Spawn Location: 5:00

Flame

  • Race: Protoss Protoss
  • Spawn Location: 6:00

gamer

  • Race: Protoss Protoss
  • Spawn Location: 5:00

VOD

Have the link to the VOD?

Description

Time

  • Played on: Aug. 15, 2017, 4:21 p.m.
  • Length: 20:21
Show
View Real Time Build Order
Export as new Build Order

PapaSmurf Protoss 

Build Orders: Nexus First 

Get SALT Encoding   

  12  0:03  Probe (Chrono Boost)  
  13  0:47  Nexus  
  13  0:51  Pylon  
  13  0:54  Probe (Chrono Boost)  
  14  1:04  Probe (Chrono Boost)  
  15  1:15  Probe (Chrono Boost)  
  16  1:21  Forge  
  16  1:25  Probe (Chrono Boost)  
  17  1:32  Gateway  
  17  1:42  Probe (Chrono Boost)  
  17  1:45  Pylon  
  18  1:52  Probe (Chrono Boost)  
  19  2:03  Probe (Chrono Boost)  
  20  2:09  Photon Cannon  
  20  2:13  Probe (Chrono Boost)  
  21  2:20  Photon Cannon  
  21  2:28  Cybernetics Core  
  21  2:32  Assimilator  
  21  2:38  Assimilator  
  21  2:44  Probe (Chrono Boost)  
  21  2:46  Probe (Chrono Boost)  
  23  2:55  Probe (Chrono Boost)  
  23  2:56  Probe (Chrono Boost)  
  26  3:05  Probe (Chrono Boost)  
  26  3:07  Probe (Chrono Boost)  
  27  3:14  Pylon  
  27  3:16  Probe (Chrono Boost)  
  27  3:17  Probe (Chrono Boost)  
  29  3:27  Assimilator  
  29  3:32  Assimilator  
  29  3:33  Nexus  
  29  3:37  Probe (Chrono Boost)  
  29  3:38  Probe (Chrono Boost)  
  31  3:48  Probe (Chrono Boost)  
  32  3:49  Probe (Chrono Boost)  
  33  3:59  Probe (Chrono Boost)  
  34  4:04  Photon Cannon  
  34  4:05  Photon Cannon  
  34  4:16  Stargate  
  34  4:19  Stargate  
  34  4:24  Pylon  
  34  4:30  Probe (Chrono Boost)  
  35  4:32  Probe (Chrono Boost)  
  36  4:41  Probe (Chrono Boost)  
  36  4:42  Probe (Chrono Boost)  
  38  4:50  Stargate  
  38  4:54  Stargate  
  38  4:56  Probe (Chrono Boost)  
  39  5:06  Pylon  
  39  5:07  Probe (Chrono Boost)  
  39  5:11  Void Ray  
  44  5:18  Probe (Chrono Boost)  
  44  5:20  Void Ray  
  49  5:28  Probe (Chrono Boost)  
  50  5:33  Photon Cannon  
  50  5:35  Photon Cannon  
  50  5:39  Phoenix  
  52  5:44  Phoenix  
  54  5:51  Protoss Air Weapons Level 1  
  54  5:54  Protoss Shields Level 1  
  54  6:02  Probe (Chrono Boost)  
  54  6:03  Assimilator  
  55  6:06  Probe (Chrono Boost)  
  55  6:08  Assimilator  
  56  6:13  Void Ray (Chrono Boost), Probe (Chrono Boost)  
  56  6:17  Probe (Chrono Boost)  
  62  6:27  Photon Cannon  
  62  6:34  Fleet Beacon  
  62  6:43  Pylon  
  62  6:50  Probe x2 (Chrono Boost)  
  64  7:01  Probe  
  65  7:02  Probe  
  65  7:03  Void Ray x2 (Chrono Boost)  
  74  7:13  Probe  
  75  7:28  Carrier (Chrono Boost)  
  87  7:32  Graviton Catapult  
  87  7:39  Carrier (Chrono Boost)  
  87  7:40  Photon Cannon  
  87  7:44  Photon Cannon  
  85  8:19  Carrier (Chrono Boost)  
  89  8:31  Pylon  
  89  8:33  Pylon  
  89  8:34  Protoss Air Armor Level 1  
  89  8:39  Pylon  
  89  8:41  Cybernetics Core  
  89  8:49  Pylon  
  89  8:50  Pylon, Carrier x2 (Chrono Boost)  
  101  9:02  Mothership Core  
  109  9:08  Carrier (Chrono Boost)  
  109  9:13  Photon Cannon  
  109  9:16  Photon Cannon  
  109  9:19  Photon Cannon  
  109  9:27  Twilight Council  
  115  9:53  Carrier (Chrono Boost)  
  115  9:56  Protoss Air Weapons Level 2  
  115  10:04  Carrier (Chrono Boost)  
  121  10:59  Carrier (Chrono Boost)  
  133  11:11  Carrier (Chrono Boost)  
  133  11:12  Protoss Air Armor Level 2  
  133  11:13  Pylon  
  133  11:18  Pylon  
  133  11:24  Pylon  
  133  11:29  Photon Cannon  
  133  11:31  Photon Cannon  
  139  11:33  Carrier (Chrono Boost)  
  125  12:04  Pylon  
  125  12:07  Pylon  
  35  13:43  Stargate  
  35  13:45  Stargate  
  35  13:47  Stargate  
  35  13:50  Stargate  
  39  14:41  Void Ray x4 (Chrono Boost)  
  37  15:41  Void Ray (Chrono Boost)  
  37  15:48  Void Ray (Chrono Boost)  
  37  16:02  Assimilator  
  37  16:23  Pylon  
  37  16:25  Pylon  
  37  16:31  Pylon  
  53  16:47  Nexus  
  33  17:10  Pylon  
  20  18:08  Gateway  
  20  18:11  Forge  
  20  18:17  Assimilator  
  20  18:21  Assimilator  
  20  18:38  Pylon x2  
  20  18:39  Pylon  
  20  18:41  Pylon  
  20  18:59  Cybernetics Core  
  20  19:04  Photon Cannon  
  20  19:08  Photon Cannon  
  20  19:10  Photon Cannon  
  20  19:11  Photon Cannon  
  20  19:13  Photon Cannon  
  20  19:15  Photon Cannon  
  20  19:16  Photon Cannon  
  20  19:17  Photon Cannon  
  20  19:19  Photon Cannon  
  20  19:20  Photon Cannon  
  20  19:21  Photon Cannon  
  20  19:23  Photon Cannon  
  20  19:24  Photon Cannon  
  20  19:45  Stargate  
  20  20:01  Pylon  
  20  20:03  Pylon  
  20  20:05  Pylon  
Show
View Real Time Build Order
Export as new Build Order

ZERO Zerg 

Build Orders: Pool First 

Get SALT Encoding   

  12  0:02  Drone  
  13  0:13  Drone  
  14  0:30  Spawning Pool, Drone  
  14  0:36  Extractor  
  14  0:37  Drone  
  14  0:49  Overlord  
  14  0:57  Extractor  
  14  0:59  Drone  
  14  1:17  Zergling x6  
  17  1:28  Zergling x2  
  18  1:39  Zergling x2  
  19  1:47  Metabolic Boost  
  19  1:52  Drone  
  20  1:54  Queen  
  19  2:27  Drone x3  
  21  2:41  Evolution Chamber  
  21  2:42  Lair  
  20  2:53  Spore Crawler  
  20  2:54  Drone  
  20  3:01  Hatchery  
  20  3:03  Drone x2  
  21  3:11  Drone  
  22  3:18  Overlord  
  22  3:27  Overlord  
  22  3:35  Zerg Missile Weapons Level 1  
  22  3:37  Drone  
  22  3:38  Drone  
  24  3:56  Hydralisk Den  
  24  3:57  Drone x3  
  24  4:02  Drone  
  27  4:11  Overlord, Drone  
  28  4:19  Drone x2  
  31  4:24  Drone  
  31  4:38  Muscular Augments  
  31  4:43  Hydralisk  
  33  5:11  Drone x6  
  39  5:18  Spore Crawler  
  39  5:20  Hatchery  
  37  5:23  Hydralisk  
  31  5:34  Queen  
  28  5:56  Drone x3  
  31  5:58  Drone x3  
  34  6:12  Hydralisk x2  
  34  6:14  Hatchery  
  34  6:15  Drone  
  38  6:22  Spore Crawler  
  37  6:27  Spore Crawler  
  37  6:28  Drone  
  37  6:31  Drone  
  38  6:37  Drone  
  38  6:38  Drone  
  40  6:46  Zerg Missile Weapons Level 2  
  40  6:50  Drone  
  41  6:54  Extractor  
  41  6:56  Extractor  
  41  6:58  Drone  
  41  6:59  Drone x2  
  42  7:02  Drone  
  42  7:04  Drone  
  44  7:10  Hydralisk  
  44  7:12  Drone  
  47  7:34  Queen  
  49  7:39  Hydralisk x2  
  49  7:40  Hydralisk x2  
  49  7:42  Drone  
  58  7:57  Overlord  
  58  7:58  Overlord  
  58  8:05  Overlord  
  58  8:16  Overlord x2  
  58  8:17  Pneumatized Carapace  
  58  8:21  Hydralisk x2  
  58  8:23  Hydralisk  
  64  8:46  Overlord  
  64  8:47  Drone x3  
  64  8:48  Hydralisk  
  67  8:52  Overlord  
  69  8:57  Hydralisk  
  69  8:59  Drone  
  69  9:02  Zerg Ground Armor Level 1  
  72  9:24  Drone  
  72  9:25  Drone x4  
  75  9:37  Queen  
  77  9:40  Spore Crawler  
  77  9:42  Spore Crawler  
  75  9:47  Spore Crawler  
  75  9:49  Drone x2  
  76  9:57  Hydralisk x2  
  76  9:58  Hydralisk x5  
  90  10:00  Drone  
  90  10:01  Drone  
  92  10:07  Overseer  
  92  10:08  Overseer  
  92  10:10  Overlord  
  92  10:13  Overlord  
  92  10:19  Spore Crawler, Drone x2  
  93  10:44  Extractor  
  93  10:47  Extractor  
  93  10:48  Hydralisk x2  
  93  10:49  Hydralisk x5  
  101  10:50  Hydralisk  
  107  10:57  Zerg Ground Armor Level 2  
  107  11:02  Infestation Pit  
  106  11:10  Drone x4  
  106  11:11  Drone  
  111  11:17  Spore Crawler  
  110  11:19  Drone  
  110  11:20  Spore Crawler  
  110  11:22  Drone x2  
  99  11:52  Hydralisk  
  99  11:53  Hydralisk x7  
  111  11:56  Overlord  
  112  12:27  Hydralisk  
  112  12:28  Hydralisk x6  
  122  12:50  Hydralisk x3  
  122  12:51  Hydralisk  
  80  13:34  Hydralisk x5  
  64  13:35  Hydralisk  
  64  13:39  Hatchery  
  53  14:27  Extractor  
  53  14:29  Extractor  
  51  14:37  Hatchery, Extractor  
  47  14:52  Hydralisk x2  
  37  14:53  Hydralisk x3  
  47  15:24  Hydralisk  
Show
View Real Time Build Order
Export as new Build Order

Senji Terran 

Build Orders:  

Get SALT Encoding   

  12  0:03  SCV  
  13  0:15  SCV  
  14  0:33  SCV  
  14  0:34  Supply Depot  
  15  0:37  Refinery  
  15  0:59  Barracks  
  15  1:02  Barracks  
  15  1:08  SCV  
  16  1:20  SCV  
  17  1:32  SCV  
  18  1:35  Supply Depot  
  18  1:44  SCV  
  19  1:55  Barracks Reactor  
  19  2:00  Barracks Reactor  
  19  2:07  Supply Depot  
  19  2:32  Marine x2  
  21  2:37  Marine x2  
  23  2:50  Engineering Bay  
  23  2:53  Marine, Factory  
  23  2:54  Marine  
  23  2:55  Marine x2  
  27  3:11  Marine x2  
  29  3:13  Marine x2  
  31  3:40  Refinery  
  31  3:41  Orbital Command  
  31  3:46  Starport  
  27  4:27  Starport  
  24  5:03  Starport Reactor  
  24  5:07  Command Center  
  24  5:09  Starport  
  17  5:28  Missile Turret  
  17  5:31  Missile Turret  
  10  5:44  Viking x2  
  9  6:08  Starport  
  9  6:13  SCV  
  10  6:25  SCV  
  11  7:00  Missile Turret  
  11  7:23  SCV  
  12  7:35  SCV  
  13  7:41  Starport Reactor  
  13  7:46  SCV  
  13  7:47  SCV  
  15  7:58  SCV  
  15  7:59  SCV  
  17  8:10  SCV  
  17  8:11  SCV  
  19  8:21  Viking  
  19  8:23  SCV x2  
  23  8:44  Armory  
  23  8:46  Viking x2  
  23  8:47  Viking  
  29  8:58  SCV  
  29  8:59  Refinery  
  30  9:11  SCV  
  30  9:12  Viking  
  30  9:16  Starport Reactor  
  33  9:23  SCV  
  34  9:35  SCV  
  35  9:47  SCV  
  35  9:50  SCV  
  37  9:56  Refinery  
  37  10:02  SCV  
  38  10:09  Terran Ship Weapons Level 1  
  38  10:11  Viking x3  
  44  10:16  Viking  
  46  10:24  Orbital Command  
  46  10:49  Armory  
  46  11:08  Armory  
  46  11:09  Viking x4  
  54  11:13  Starport Reactor  
  54  11:32  Viking  
  54  11:33  Viking  
  58  11:47  Viking  
  60  12:02  Viking  
  62  12:09  Terran Vehicle And Ship Armor Level 1  
  62  12:12  Terran Ship Weapons Level 2  
  26  12:47  Viking x3  
  30  13:15  Viking x2  
  28  13:42  Viking x3  
  34  14:11  Viking x3  
  30  14:42  Viking x3  
  30  14:43  Viking x3  
  42  15:04  Viking x2  
  46  15:12  Viking  
  30  15:31  Viking x3  
  36  15:47  Viking  
Show
View Real Time Build Order
Export as new Build Order

Metasapien Zerg 

Build Orders: Pool First 

Get SALT Encoding   

  12  0:04  Drone  
  13  0:23  Spawning Pool  
  13  0:27  Drone  
  13  0:41  Extractor  
  12  0:43  Drone  
  12  0:44  Overlord  
  12  0:47  Drone  
  14  1:05  Drone  
  14  1:06  Drone  
  16  1:12  Queen  
  18  1:41  Zergling x4  
  18  1:44  Hatchery  
  18  1:46  Drone  
  20  2:11  Drone x2  
  22  2:27  Lair  
  22  2:30  Overlord  
  22  2:31  Overlord  
  22  2:33  Extractor  
  19  2:48  Drone  
  19  2:49  Drone x2  
  22  3:12  Drone x2  
  24  3:13  Queen  
  26  3:32  Hydralisk Den  
  25  3:43  Infestation Pit  
  25  3:47  Drone x3  
  27  3:59  Drone  
  27  4:00  Drone x4  
  27  4:01  Drone  
  27  4:02  Drone  
  34  4:06  Pneumatized Carapace  
  34  4:08  Extractor  
  33  4:10  Extractor  
  32  4:19  Overseer  
  32  4:34  Nydus Network  
  31  4:41  Drone x5  
  36  4:53  Hatchery  
  36  4:56  Muscular Augments  
  35  5:02  Burrow  
  35  5:04  Drone  
  35  5:05  Drone  
  37  5:23  Queen  
  37  5:27  Spore Crawler  
  38  5:31  Drone x2  
  38  5:32  Spore Crawler, Drone x2  
  41  5:37  Overlord  
  41  5:43  Overlord  
  41  5:51  Overlord  
  41  5:53  Hydralisk  
  43  5:57  Hydralisk  
  45  6:20  Drone x2  
  45  6:21  Queen  
  45  6:24  Hydralisk x3  
  55  6:33  Evolution Chamber  
  55  6:36  Drone x2  
  55  6:37  Evolution Chamber, Drone  
  56  7:05  Overseer  
  56  7:17  Drone  
  56  7:18  Drone x2  
  56  7:21  Overlord x2  
  56  7:22  Hydralisk x3  
  59  7:23  Hydralisk x3  
  71  7:44  Hydralisk x6  
  83  7:58  Zerg Missile Weapons Level 1, Zerg Ground Armor Level 1  
  83  8:00  Neural Parasite  
  83  8:14  Drone x3  
  86  8:20  Extractor  
  86  8:23  Extractor  
  84  8:38  Overlord x3  
  84  8:39  Overlord  
  84  8:42  Drone x2  
  84  8:43  Drone x3  
  89  8:59  Hydralisk x6  
  89  9:00  Hydralisk  
  103  9:08  Nydus Canal  
  79  10:01  Drone  
  79  10:02  Drone x2  
  76  10:08  Spire  
  76  10:10  Pathogen Glands  
  76  10:14  Hydralisk x9  
  93  10:21  Drone  
  94  10:29  Drone  
  94  10:34  Spire  
  94  10:37  Hive  
  94  10:38  Zerg Missile Weapons Level 2  
  94  10:39  Zerg Ground Armor Level 2  
  94  10:42  Hydralisk x4  
  94  10:43  Hydralisk  
  104  10:56  Infestor  
  106  10:58  Overlord  
  106  10:59  Overlord x3  
  106  11:09  Overseer  
  106  11:12  Hydralisk  
  106  11:13  Hydralisk x3  
  114  11:29  Zerg Flyer Weapons Level 1  
  114  11:33  Infestor x2  
  118  11:54  Nydus Canal  
  118  12:05  Overlord x3  
  118  12:06  Overlord x2  
  118  12:08  Corruptor  
  118  12:09  Corruptor  
  118  12:10  Corruptor x3  
  118  12:14  Hatchery  
  127  12:41  Infestor x3  
  127  12:42  Infestor  
  135  13:59  Nydus Canal  
  135  14:02  Corruptor x2  
  135  14:03  Corruptor x10  
  135  14:09  Drone x2  
  162  14:10  Drone  
  162  14:28  Infestor x3  
  62  15:25  Corruptor  
  62  15:26  Corruptor x10  
  82  16:01  Extractor  
  81  16:07  Corruptor  
  81  16:08  Corruptor x4  
  91  16:13  Hydralisk x11  
  91  16:14  Hydralisk x5  
  91  16:17  Hydralisk x3  
  129  16:18  Extractor  
  128  16:27  Corruptor  
  128  16:28  Corruptor x3  
  136  16:34  Zerg Missile Weapons Level 3  
  124  17:14  Hydralisk x2, Corruptor x3  
  124  17:15  Overlord, Hydralisk x4, Corruptor x2  
  116  17:48  Corruptor x4  
  124  18:05  Hydralisk, Corruptor  
  124  18:06  Hydralisk  
  60  18:49  Hydralisk x6  
  72  19:01  Hatchery  
  72  19:02  Hatchery  
  70  19:25  Infestor x3  
  76  19:37  Spawning Pool  
  76  19:38  Drone x2  
  76  19:41  Hatchery  
Show
View Real Time Build Order
Export as new Build Order

ChiMaster Protoss 

Build Orders:  

Get SALT Encoding   

  12  0:03  Probe (Chrono Boost)  
  13  0:14  Probe (Chrono Boost)  
  14  0:27  Pylon  
  14  0:30  Probe (Chrono Boost)  
  15  0:46  Probe (Chrono Boost)  
  15  0:48  Gateway  
  16  0:58  Forge  
  16  1:03  Pylon  
  16  1:12  Pylon  
  16  1:28  Assimilator  
  16  1:32  Assimilator  
  16  1:34  Probe (Chrono Boost)  
  17  1:42  Photon Cannon  
  17  1:45  Probe (Chrono Boost)  
  18  1:50  Photon Cannon  
  18  1:55  Zealot  
  20  2:11  Photon Cannon  
  20  2:16  Pylon  
  20  2:26  Pylon  
  20  2:36  Photon Cannon  
  20  2:40  Zealot  
  22  2:56  Photon Cannon  
  22  2:59  Probe (Chrono Boost)  
  23  3:34  Cybernetics Core  
  23  3:37  Protoss Shields Level 1  
  23  3:42  Probe (Chrono Boost)  
  24  3:53  Probe (Chrono Boost)  
  25  4:03  Zealot  
  27  4:14  Photon Cannon  
  27  4:31  Nexus  
  27  4:44  Pylon  
  27  5:01  Stargate  
  27  5:05  Stargate  
  27  5:15  Pylon  
  27  5:28  Protoss Air Weapons Level 1  
  27  5:41  Probe (Chrono Boost)  
  28  5:48  Assimilator  
  28  5:51  Probe (Chrono Boost)  
  28  5:56  Void Ray (Chrono Boost)  
  33  6:02  Probe (Chrono Boost)  
  34  6:12  Probe (Chrono Boost)  
  34  6:18  Void Ray (Chrono Boost), Probe (Chrono Boost)  
  40  6:23  Probe (Chrono Boost)  
  41  6:28  Probe (Chrono Boost)  
  43  6:40  Probe  
  43  6:49  Photon Cannon  
  43  6:52  Assimilator, Probe  
  44  7:04  Probe  
  45  7:13  Probe  
  46  7:16  Probe  
  47  7:23  Protoss Air Armor Level 1 (Chrono Boost)  
  47  7:24  Probe  
  47  7:26  Void Ray (Chrono Boost)  
  56  7:32  Void Ray (Chrono Boost)  
  56  7:34  Probe  
  57  7:45  Fleet Beacon  
  57  7:56  Robotics Facility  
  57  8:05  Stargate  
  57  8:13  Mothership Core  
  59  8:36  Carrier  
  65  8:43  Pylon  
  65  8:45  Carrier  
  65  8:48  Observer  
  71  9:22  Carrier  
  77  9:27  Protoss Air Weapons Level 2 (Chrono Boost)  
  77  9:29  Immortal  
  81  10:05  Carrier  
  87  10:19  Protoss Ground Armor Level 1  
  87  10:20  Observer  
  88  10:23  Graviton Catapult (Chrono Boost)  
  88  11:06  Carrier  
  94  11:15  Pylon  
  94  11:17  Pylon  
  94  11:19  Pylon  
  94  11:21  Pylon  
  94  11:31  Nexus  
  98  12:01  Immortal  
  41  13:46  Pylon  
  37  13:56  Pylon  
  37  14:04  Observer  
  37  14:09  Forge  
  38  14:32  Immortal  
  42  14:45  Gateway  
  42  15:11  Observer  
  29  15:40  Cybernetics Core  
  29  15:42  Nexus  
  29  15:49  Pylon  
  29  15:55  Pylon  
  29  16:00  Probe  
  30  16:12  Probe  
  31  16:20  Stargate  
  31  16:24  Probe  
  32  16:28  Stargate  
  32  16:36  Probe  
  32  16:39  Photon Cannon  
  33  16:41  Photon Cannon  
  33  16:45  Photon Cannon  
  33  16:49  Probe  
  34  17:04  Carrier  
  40  17:32  Immortal  
  40  17:36  Mothership Core  
  46  17:43  Void Ray  
  36  17:52  Stalker  
  36  17:57  Probe  
  39  18:01  Probe  
  40  18:09  Probe  
  40  18:12  Probe  
  42  18:21  Probe  
  42  18:26  Nexus  
  43  18:32  Pylon  
  43  18:52  Immortal  
  59  19:40  Photon Cannon  
  59  19:43  Photon Cannon  
  59  19:48  Photon Cannon  
  59  19:53  Photon Cannon  
  59  19:55  Pylon  
Show
View Real Time Build Order
Export as new Build Order

Wiss Protoss 

Build Orders:  

Get SALT Encoding   

  12  0:44  Probe (Chrono Boost)  
  13  0:55  Probe (Chrono Boost)  
  14  0:57  Pylon  
  14  1:05  Probe (Chrono Boost)  
  15  1:16  Probe (Chrono Boost)  
  15  1:18  Nexus  
  16  1:26  Gateway, Probe (Chrono Boost)  
  16  1:31  Assimilator  
  17  1:46  Probe (Chrono Boost)  
  18  1:51  Assimilator  
  18  1:57  Probe (Chrono Boost)  
  18  2:01  Pylon  
  19  2:07  Probe (Chrono Boost)  
  20  2:18  Cybernetics Core, Probe (Chrono Boost)  
  21  2:28  Probe (Chrono Boost)  
  22  2:35  Forge  
  22  2:42  Probe (Chrono Boost)  
  23  2:48  Probe (Chrono Boost)  
  24  2:54  Assimilator  
  24  2:57  Mothership Core (Chrono Boost)  
  26  2:59  Probe (Chrono Boost)  
  27  3:07  Stargate  
  27  3:09  Probe (Chrono Boost)  
  28  3:25  Probe (Chrono Boost)  
  29  3:31  Probe (Chrono Boost)  
  30  3:35  Assimilator  
  30  3:36  Probe (Chrono Boost)  
  32  3:41  Probe (Chrono Boost)  
  32  3:46  Probe (Chrono Boost)  
  33  3:52  Probe (Chrono Boost)  
  34  3:56  Void Ray (Chrono Boost)  
  34  3:57  Probe (Chrono Boost)  
  34  4:02  Probe (Chrono Boost)  
  40  4:05  Stargate  
  40  4:06  Probe  
  41  4:21  Stargate  
  41  4:26  Pylon  
  41  4:29  Pylon  
  41  4:30  Protoss Air Weapons Level 1  
  41  4:31  Probe  
  41  4:38  Probe  
  43  4:41  Probe  
  44  4:49  Void Ray (Chrono Boost)  
  44  4:50  Probe  
  53  5:12  Void Ray (Chrono Boost)  
  53  5:14  Probe  
  54  5:22  Probe  
  55  5:34  Probe  
  56  5:46  Probe  
  57  5:54  Nexus  
  57  5:58  Probe  
  57  6:00  Pylon  
  58  6:10  Probe  
  59  6:12  Fleet Beacon  
  59  6:13  Pylon  
  59  6:14  Pylon  
  59  6:18  Pylon  
  59  6:20  Pylon  
  59  6:22  Pylon  
  59  6:29  Void Ray (Chrono Boost)  
  59  6:32  Void Ray (Chrono Boost)  
  71  6:35  Void Ray (Chrono Boost)  
  71  6:47  Photon Cannon  
  71  6:51  Photon Cannon  
  71  6:54  Photon Cannon  
  71  6:59  Assimilator  
  71  7:04  Assimilator  
  71  7:09  Pylon  
  71  7:15  Probe  
  72  7:17  Probe  
  73  7:23  Probe  
  73  7:27  Probe x2  
  76  7:33  Photon Cannon  
  76  7:35  Probe  
  76  7:36  Photon Cannon  
  77  7:38  Probe  
  77  7:39  Probe  
  77  7:44  Photon Cannon  
  79  7:47  Probe  
  79  7:48  Probe  
  81  7:51  Probe  
  82  7:59  Probe x2  
  82  8:03  Probe  
  85  8:09  Probe  
  85  8:11  Probe  
  99  8:20  Carrier (Chrono Boost)  
  99  8:21  Carrier (Chrono Boost)  
  99  8:26  Stargate  
  105  8:30  Stargate  
  105  8:31  Carrier (Chrono Boost)  
  105  8:33  Stargate  
  105  9:17  Pylon  
  105  9:19  Pylon  
  105  9:22  Pylon  
  105  9:24  Pylon  
  105  9:26  Pylon  
  105  9:31  Robotics Facility  
  105  9:36  Carrier (Chrono Boost)  
  111  9:47  Carrier (Chrono Boost)  
  102  10:40  Void Ray x2 (Chrono Boost)  
  102  10:41  Void Ray (Chrono Boost), Carrier (Chrono Boost)  
  96  10:50  Void Ray (Chrono Boost)  
  106  11:13  Carrier (Chrono Boost)  
  118  11:29  Carrier x2 (Chrono Boost)  
  118  11:32  Assimilator  
  118  11:33  Probe  
  119  11:45  Probe  
  120  11:48  Nexus  
  120  11:52  Assimilator  
  94  12:19  Void Ray (Chrono Boost)  
  102  12:24  Void Ray (Chrono Boost)  
  101  12:32  Void Ray (Chrono Boost)  
  103  12:49  Void Ray (Chrono Boost)  
  91  13:19  Void Ray x2 (Chrono Boost)  
  113  13:24  Void Ray (Chrono Boost), Graviton Catapult  
  113  13:25  Void Ray x2 (Chrono Boost)  
  113  13:42  Probe  
  114  13:52  Probe  
  115  14:03  Probe  
  116  14:15  Protoss Air Armor Level 1  
  128  14:36  Carrier x2 (Chrono Boost)  
  120  17:22  Void Ray x2 (Chrono Boost)  
  144  17:27  Void Ray x2 (Chrono Boost)  
  144  17:28  Void Ray x2 (Chrono Boost)  
  136  18:00  Carrier x2 (Chrono Boost)  
  136  18:32  Carrier (Chrono Boost)  
  116  18:34  Carrier (Chrono Boost)  
  96  18:51  Mothership Core  
  106  18:56  Void Ray x2 (Chrono Boost)  
Show
View Real Time Build Order
Export as new Build Order

Flame Protoss 

Build Orders: Nexus First, Oracle Opening 

Get SALT Encoding   

  12  0:03  Probe (Chrono Boost)  
  13  0:16  Pylon  
  13  0:24  Probe (Chrono Boost)  
  14  0:53  Nexus  
  14  0:55  Probe (Chrono Boost)  
  15  1:09  Gateway  
  15  1:15  Assimilator  
  15  1:16  Probe (Chrono Boost)  
  16  1:27  Probe (Chrono Boost)  
  16  1:30  Assimilator  
  17  1:37  Probe (Chrono Boost)  
  18  1:48  Probe (Chrono Boost)  
  19  1:57  Cybernetics Core  
  19  1:58  Probe (Chrono Boost)  
  19  1:59  Pylon  
  20  2:09  Probe (Chrono Boost)  
  21  2:23  Forge  
  21  2:38  Probe (Chrono Boost)  
  21  2:39  Stargate  
  21  2:42  Assimilator  
  22  2:47  Pylon  
  22  2:49  Probe (Chrono Boost)  
  23  2:56  Probe (Chrono Boost)  
  24  3:04  Stargate  
  24  3:10  Probe (Chrono Boost)  
  25  3:19  Probe (Chrono Boost)  
  26  3:21  Probe (Chrono Boost)  
  26  3:22  Oracle  
  30  3:30  Probe (Chrono Boost)  
  30  3:32  Probe (Chrono Boost)  
  32  3:39  Assimilator  
  32  3:41  Mothership Core (Chrono Boost)  
  34  3:49  Probe (Chrono Boost)  
  34  3:52  Oracle  
  38  3:59  Probe (Chrono Boost)  
  39  4:09  Photon Cannon  
  39  4:12  Photon Cannon  
  39  4:14  Probe (Chrono Boost)  
  39  4:15  Pylon  
  40  4:21  Probe (Chrono Boost)  
  41  4:25  Probe (Chrono Boost)  
  41  4:28  Pylon  
  42  4:31  Probe (Chrono Boost)  
  42  4:35  Probe (Chrono Boost)  
  44  4:45  Void Ray  
  48  4:46  Probe (Chrono Boost)  
  49  4:59  Void Ray  
  53  5:28  Void Ray  
  57  5:42  Void Ray  
  61  6:08  Photon Cannon  
  61  6:11  Photon Cannon  
  61  6:16  Photon Cannon  
  61  6:18  Photon Cannon  
  61  6:21  Stargate  
  61  6:23  Pylon  
  61  6:27  Cybernetics Core  
  61  6:30  Photon Cannon  
  61  6:32  Pylon  
  61  6:47  Fleet Beacon  
  61  6:48  Stargate  
  61  6:51  Robotics Facility  
  61  6:57  Pylon  
  61  7:04  Void Ray, Pylon  
  65  7:19  Protoss Air Weapons Level 1  
  65  7:21  Protoss Air Armor Level 1  
  65  7:25  Protoss Shields Level 1  
  65  7:26  Void Ray  
  69  7:30  Probe (Chrono Boost)  
  69  7:31  Probe (Chrono Boost)  
  71  7:42  Probe (Chrono Boost)  
  72  7:45  Probe (Chrono Boost)  
  72  7:51  Observer  
  80  7:55  Probe (Chrono Boost)  
  81  8:06  Probe (Chrono Boost)  
  81  8:07  Carrier  
  88  8:25  Pylon  
  88  8:32  Photon Cannon  
  88  8:35  Twilight Council  
  88  8:39  Pylon  
  88  8:47  Stargate  
  88  8:52  Photon Cannon  
  88  8:57  Photon Cannon  
  88  8:59  Photon Cannon  
  88  9:03  Observer, Pylon  
  88  9:09  Carrier  
  95  9:18  Graviton Catapult  
  95  9:54  Void Ray x2  
  103  10:11  Phoenix x2  
  107  10:35  Void Ray  
  107  10:41  Void Ray  
  115  10:44  Observer  
  115  10:46  Pylon  
  115  10:49  Pylon  
  116  10:52  Pylon  
  116  11:12  Void Ray x2  
  124  11:56  Void Ray x3  
  100  13:13  Void Ray x5  
  120  13:56  Void Ray x3  
  130  14:14  Void Ray  
  134  14:27  Void Ray  
  102  15:25  Void Ray x3  
  106  15:57  Mothership Core (Chrono Boost)  
  106  16:05  Nexus  
  106  16:09  Assimilator  
  106  16:15  Assimilator  
  106  16:18  Photon Cannon  
  106  16:24  Nexus  
  106  16:25  Assimilator  
  106  16:28  Assimilator  
  106  16:36  Observer  
  106  16:39  Void Ray  
  94  17:33  Probe (Chrono Boost)  
  95  17:42  Probe (Chrono Boost)  
  95  17:44  Probe (Chrono Boost)  
  97  17:49  Observer  
  98  17:53  Probe (Chrono Boost)  
  98  17:54  Probe (Chrono Boost)  
  100  18:03  Probe (Chrono Boost)  
  100  18:05  Probe (Chrono Boost)  
  102  18:10  Observer  
  102  18:12  Oracle  
  106  18:14  Probe (Chrono Boost)  
  106  18:15  Probe (Chrono Boost)  
  108  18:24  Probe (Chrono Boost)  
  109  18:29  Pylon  
  109  18:31  Observer  
  109  18:33  Pylon  
  110  18:35  Probe (Chrono Boost)  
  111  18:45  Probe (Chrono Boost)  
  112  18:59  Photon Cannon  
  112  19:03  Photon Cannon  
  112  19:06  Oracle  
  115  19:12  Pylon  
  115  19:20  Pylon  
  115  19:21  Pylon  
  115  19:23  Observer  
  116  19:30  Pylon  
  116  19:44  Observer  
  121  20:20  Pylon  
Show
View Real Time Build Order
Export as new Build Order

gamer Protoss 

Build Orders:  

Get SALT Encoding   

  12  0:09  Probe (Chrono Boost)  
  13  0:19  Probe (Chrono Boost)  
  14  0:30  Probe (Chrono Boost)  
  15  0:42  Pylon  
  15  1:00  Probe (Chrono Boost)  
  15  1:03  Forge  
  16  1:13  Pylon  
  16  1:18  Assimilator  
  16  1:21  Probe (Chrono Boost)  
  16  1:23  Assimilator  
  17  1:32  Probe (Chrono Boost)  
  18  1:39  Photon Cannon  
  18  1:46  Gateway  
  18  1:50  Probe (Chrono Boost)  
  19  2:01  Probe (Chrono Boost)  
  20  2:13  Photon Cannon  
  20  2:22  Photon Cannon  
  20  2:38  Cybernetics Core  
  20  2:44  Zealot  
  22  3:06  Pylon  
  22  3:13  Zealot  
  22  3:17  Mothership Core (Chrono Boost)  
  26  3:26  Nexus  
  26  3:33  Pylon  
  26  3:42  Pylon  
  26  3:51  Photon Cannon  
  26  4:03  Stalker  
  26  4:08  Warp Gate  
  28  4:18  Photon Cannon  
  28  4:23  Photon Cannon  
  28  4:32  Photon Cannon  
  28  4:33  Stalker  
  31  4:38  Probe (Chrono Boost)  
  31  4:49  Probe (Chrono Boost)  
  32  4:59  Probe (Chrono Boost)  
  33  5:51  Probe (Chrono Boost)  
  33  5:56  Assimilator  
  34  6:01  Assimilator  
  34  6:02  Probe (Chrono Boost)  
  35  6:11  Stargate  
  35  6:12  Probe (Chrono Boost)  
  36  6:23  Probe (Chrono Boost)  
  37  6:25  Photon Cannon  
  37  6:32  Pylon  
  37  6:33  Probe (Chrono Boost)  
  38  6:41  Pylon  
  38  6:48  Pylon  
  38  6:54  Pylon  
  38  7:01  Fleet Beacon  
  38  7:06  Protoss Air Weapons Level 1 (Chrono Boost)  
  38  7:09  Stargate  
  38  7:21  Probe (Chrono Boost)  
  39  7:31  Photon Cannon, Probe (Chrono Boost)  
  40  7:37  Phoenix  
  40  7:40  Probe (Chrono Boost)  
  43  7:45  Anion Pulse-Crystals  
  43  7:50  Twilight Council, Probe  
  43  7:52  Protoss Shields Level 1 (Chrono Boost)  
  43  7:54  Phoenix  
  46  8:01  Probe  
  46  8:03  Phoenix  
  49  8:19  Phoenix  
  51  8:28  Phoenix  
  53  8:44  Phoenix  
  55  8:53  Phoenix  
  57  9:09  Phoenix  
  59  9:18  Phoenix  
  61  9:24  Robotics Facility  
  54  10:54  Phoenix x2  
  58  11:19  Phoenix x2, Nexus  
  62  11:29  Photon Cannon  
  62  11:32  Photon Cannon  
  62  11:44  Phoenix x2  
  64  13:10  Void Ray  
  64  13:11  Void Ray  
  72  13:53  Void Ray x2  
  64  15:45  Void Ray x2  
  72  15:56  Assimilator  
  72  16:24  Protoss Air Weapons Level 2  
  72  16:28  Void Ray x2  
  70  17:11  Void Ray  
  46  17:50  Phoenix  
  48  17:54  Phoenix  
  50  18:15  Phoenix  
  50  18:18  Phoenix  
  54  18:29  Robotics Bay  
  54  18:36  Nexus  
  54  18:40  Phoenix  
  52  18:43  Phoenix  
  54  18:53  Pylon  
  54  18:55  Pylon  
  54  19:00  Pylon  
  54  19:05  Phoenix  
  56  19:15  Photon Cannon  
  56  19:16  Photon Cannon  
  56  19:18  Photon Cannon  
  56  19:19  Photon Cannon  
  56  19:21  Photon Cannon  
  56  19:24  Photon Cannon  
  56  19:25  Photon Cannon  
  56  19:29  Photon Cannon  
  56  19:31  Photon Cannon  
  56  19:34  Photon Cannon  
  56  19:36  Photon Cannon  
  56  19:38  Photon Cannon  
  56  19:40  Photon Cannon  
  56  19:41  Pylon  
  56  19:44  Pylon  
  56  19:46  Assimilator  
  56  19:52  Phoenix x2, Assimilator  
Tags
 
Add a new tag
Caveats
  • Supply blocks, unpowered buildings, or Contaminate may cause inaccurate times.
  • Supply counts are checked every 10 seconds.